 Dungeon Crawl Stone Soup version 0.28.0 (webtiles) character file.

Game seed: 15962562659323581963

129760 emikaela the Unseen (level 14, -6/75 (88) HPs)
             Began as a Vampire Fire Elementalist on Feb 10, 2022.
             Was the Champion of Ru.
             Constricted to death by a shambling mangrove (17 damage)
             ... on level 2 of the Swamp on Feb 11, 2022.
             The game lasted 03:46:07 (33755 turns).

emikaela the Unseen (Vampire Fire Elementalist)    Turns: 33755, Time: 03:46:08

HP:   -6/75 (88)    AC: 16    Str:  8    XL:     14   Next: 51%
MP:   25/37         EV: 15    Int: 27    God:    Ru [******]
Gold: 2316          SH:  7    Dex: 15    Spells: 7/33 levels left

rFire   + + .      SeeInvis +   a - +7 dagger (elec)
rCold   + + .      Faith    .   c - +2 buckler {AC+3}
rNeg    + + +      Spirit   .   O - +0 troll leather armour {Pargi}
rPois   ∞          Reflect  .   s - +2 helmet
rElec   .          Harm     .   T - +2 cloak
rCorr   .          Rampage  .   e - +2 pair of gloves
Will    +....                   (no boots)
Stlth   ++++++++..              J - amulet "Piposoo" {RegenMP rF++}
HPRegen 0.00/turn               B - ring "Jetul" {rN+ Str+3 Int+5}
MPRegen 0.65/turn               y - ring of magical power

@: exhausted, grasped by roots, bloodless, inhibited regen, constricted, heavily
drained
A: bloodless, fangs 3, see invisible, weak 1, inability to use devices, hated by
all, inexperienced 1, missing an eye, vampiric 2
a: Bat Form, Revivify, Renounce Religion, Draw Out Power, Power Leap, Apocalypse


You were on level 2 of the Swamp.
You worshipped Ru.
Ru was exalted by your worship.
You visited 6 branches of the dungeon, and saw 27 of its levels.
You also visited: Sewer, Ice Cave and Volcano.

You collected 3383 gold pieces.
You spent 1067 gold pieces at shops.

Inventory:

Hand Weapons
 a - a +7 dagger of electrocution (weapon)
Missiles
 k - 9 atropa-tipped darts
 n - 6 throwing nets {!f}
 r - 26 poisoned darts (quivered)
 C - 2 silver boomerangs
 I - 3 curare-tipped darts {!f}
 M - 2 boomerangs of dispersal {!f}
 N - 13 boomerangs
Armour
 c - a +2 buckler of protection (worn)
 e - a +2 pair of gloves (worn)
 s - a +2 helmet (worn)
 D - an orb of guile
 O - a +0 troll leather armour (worn) {Pargi}
 T - a +2 cloak (worn)
Jewellery
 j - a ring of wizardry
 y - a ring of magical power (right hand)
 B - the ring "Jetul" (left hand) {rN+ Str+3 Int+5}
   (You bought it in a shop on level 2 of the Orcish Mines)

   [ring of positive energy]

   Str:       It affects your strength (+3).
   Int:       It affects your intelligence (+5).
   rN:        It protects you from negative energy.
 J - the amulet "Piposoo" (around neck) {RegenMP rF++}
   (You found it on level 8 of the Dungeon)

   [amulet of magic regeneration]

   It increases your rate of magic regeneration.
   rF:        It greatly protects you from fire.
Scrolls
 d - 2 scrolls of silence {!r}
 f - 6 scrolls of fear
 g - 8 scrolls of fog
 i - 10 scrolls of identify
 m - 2 scrolls of magic mapping
 o - 6 scrolls of immolation {!r}
 p - 11 scrolls of teleportation
 v - 2 scrolls of vulnerability {!r}
 V - a scroll of brand weapon
Potions
 b - 7 potions of flight
 h - a potion of attraction {!q}
 q - 3 potions of cancellation
 t - 2 potions of brilliance
 u - 2 potions of ambrosia
 w - 5 potions of might
 x - 4 potions of lignification {!q}
 z - 3 potions of invisibility
 E - 2 potions of haste
 H - 4 potions of heal wounds
 K - 14 potions of curing
 L - a potion of berserk rage {!q}
 X - a potion of resistance
 Z - 4 potions of mutation {!q}


   Skills:
 - Level 10.0 Fighting
 - Level 10.0 Short Blades
 - Level 13.6 Dodging
 - Level 15.0 Stealth
 - Level 6.0 Shields
 - Level 10.0 Spellcasting
 + Level 4.8 Conjurations
 + Level 13.6 Hexes
 - Level 4.0 Transmutations
 - Level 6.0 Fire Magic
 - Level 4.0 Ice Magic
 + Level 8.7 Earth Magic


You had 7 spell levels left.
You knew the following spells:

 Your Spells              Type           Power      Damage    Failure   Level
a - Foxfire               Conj/Fire      100%       2x1d9     1%          1
b - Scorch                Fire           90%        2d10      1%          2
d - Lee's Rapid Deconstr  Erth           28%        3d16*     6%          5
e - Ensorcelled Hibernat  Hex/Ice        100%       N/A       1%          2
l - Leda's Liquefaction   Hex/Erth       32%        N/A       1%          4
n - Inner Flame           Hex/Fire       61%        N/A       1%          3
s - Stone Arrow           Conj/Erth      100%       3d13      1%          3
u - Fulminant Prism       Conj/Hex       29%        3d14      1%          4
w - Passwall              Tmut/Erth      39%        N/A       1%          2

Your spell library contained the following spells:

 Spells                   Type           Power      Damage    Failure   Level
 Freeze                   Ice            100%       1d11      1%          1
 Magic Dart               Conj           100%       1d8       1%          1
 Sandblast                Erth           100%       2d20      1%          1
 Searing Ray              Conj           78%        2d7       1%          2
 Portal Projectile        Hex/Tloc       100%       N/A       1%          3
 Conjure Flame            Conj/Fire      42%        6-21      2%          3
 Frozen Ramparts          Ice            70%        1d9       4%          3
 Yara's Violent Unravell  Hex/Tmut       28%        3d12      6%          5
 Flame Wave               Conj/Fire      42%        2d9       9%          4
 Hailstorm                Conj/Ice       37%        3d9       13%         4
 Silence                  Hex/Air        25%        N/A       14%         5
 Gell's Gravitas          Tloc           13%        N/A       24%         3
 Swiftness                Air            13%        N/A       24%         3
 Teleport Other           Tloc           13%        N/A       24%         3
 Blade Hands              Tmut           17%        N/A       38%         5
 Passage of Golubria      Tloc           13%        N/A       61%         4
 Statue Form              Tmut/Erth      31%        N/A       65%         6
 Excruciating Wounds      Necr           6%         N/A       91%         5
 Dispersal                Tloc           6%         N/A       100%        6
 Lehudib's Crystal Spear  Conj/Erth      25%        10d7      100%        8
 Tukima's Dance           Hex            Unusable   N/A       N/A         3
 Call Canine Familiar     Summ           Unusable   N/A       N/A         3

Dungeon Overview and Level Annotations

Branches:
Dungeon (15/15)            Temple (1/1) D:6            Lair (6/6) D:8
  Swamp (2/4) Lair:3       Spider (1/4) Lair:3        Slime (0/5) Lair:5
    Orc (2/2) D:9             Elf (0/3) Orc:2        Vaults (0/5) D:14
 Depths (0/4) D:15          Sewer (visited)           IceCv (visited)
Volcano (visited)

Altars:
Ashenzari
Cheibriados
Dithmenos
Elyvilon
Fedhas
Hepliaklqana
Kikubaaqudgha
Makhleb
Nemelex Xobeh
Okawaru
Qazlal
Ru
Sif Muna
Trog
Uskayaw
Vehumet
Wu Jian
Xom
Yredelemnul
Zin
The Shining One
Beogh

Shops:
D:1 !   D:3 (   D:9 *   D:10 (   D:13 *   D:14 *   Orc:2 [?=[

Annotations:
D:8 Grum
D:14 1 runed translucent door
Lair:2 3 runed translucent doors, Zapai's ghost, journeyman DgAr
Lair:5 exclusion: oklob plant
Swamp:2 1 transporter, benappo's ghost, adept DjCj


Innate Abilities, Weirdness & Mutations

You do not regenerate when monsters are visible.
You are frail without blood (-20% HP).
You can heal yourself when you bite living creatures.
You are immune to poison.
You have razor-sharp teeth.
You have supernaturally acute eyesight. (SInv)
You are weak. (Str -2)
You cannot study or use magical devices.
You are hated by all.
You are somewhat inexperienced. (-2 XL)
You are missing an eye, making it more difficult to aim.
You are afflicted with vampirism and can become a bat while bloodless.


Message History

The grasping roots constrict you.
The roots' grasp on you weakens, but your attempt to escape fails.
The grasping roots constrict you!
The roots' grasp on you weakens, but your attempt to escape fails.
You escape the roots' grasp.
Roots burst forth from the earth!
The grasping roots grab you! The grasping roots constrict you.
Casting: Stone Arrow (safe; 1% risk of failure)
Confirm with . or Enter, or press ? or * to list all spells.
You can't see any susceptible monsters within range! (Use Z to cast anyway.)
You escape the roots' grasp.
Roots burst forth from the earth!
The grasping roots grab you! The grasping roots constrict you!
Casting: Stone Arrow (safe; 1% risk of failure)
Confirm with . or Enter, or press ? or * to list all spells.
Aiming: Stone Arrow (safe; 1% risk of failure)
Press: ? - help, Shift-Dir - straight line, f - shambling mangrove
Aim: a shambling mangrove (97% to hit)
The stone arrow hits the shambling mangrove!
The shambling mangrove is lightly damaged.
The grasping roots constrict you!
* * * LOW HITPOINT WARNING * * *
Casting: Stone Arrow (safe; 1% risk of failure)
Confirm with . or Enter, or press ? or * to list all spells.
Aiming: Stone Arrow (safe; 1% risk of failure)
Press: ? - help, Shift-Dir - straight line, f/p - shambling mangrove
Aim: a shambling mangrove (lightly damaged, 97% to hit)
The stone arrow hits the shambling mangrove!
The shambling mangrove is moderately damaged.
The grasping roots constrict you!
* * * LOW HITPOINT WARNING * * *
Activating: Apocalypse
Press: ? - help, Dir - look around, f - activate You reveal the great annihilating truth to your foes!
The shambling mangrove is paralysed by terrible understanding!
You feel drained.
You hear a hideous shriek! x2
The roots' grasp on you weakens, but your attempt to escape fails.
The grasping roots constrict you!
You die...

♣..≈≈≈.......♣♣ ♣≈≈≈≈≈.
♣.≈≈≈≈≈≈≈≈≈≈.♣ ♣≈≈≈≈.
♣.≈≈≈≈≈ ♣♣.≈..≈≈§≈≈≈.♣
♣.≈§≈. ♣....≈≈
♣..≈≈≈≈§≈≈≈.♣♣♣..≈.≈
....≈..≈
♣≈.≈≈≈≈§≈§≈≈......♣
≈......≈
♣♣≈≈≈≈≈≈≈≈≈≈≈≈≈≈.♣≈♣
..≈≈≈≈≈≈.≈≈≈≈≈≈≈≈♣
..≈≈≈≈≈≈..§≈.≈≈≈≈♣♣♣ ≈
♣≈.≈≈.≈≈≈..>....@.f♣♣♣≈≈≈x
♣♣..≈≈≈≈§..♣♣.≈§≈≈....♣
♣♣..≈≈..♣♣♣.≈≈≈≈§♣...≈≈..
♣≈....≈♣ ♣.≈§≈..♣≈.≈≈..♣
♣♣.♣♣♣♣♣ ♣....♣♣♣.....♣♣
♣♣♣ ♣♣♣♣♣♣ ♣≈≈≈♣♣ ♣♣♣♣


You could see a shambling mangrove (paralysed).

Vanquished Creatures
  Rupert (Lair:3)
  Jorgrun (D:13)
  Gastronok (D:8)
  Roxanne (D:14)
  An orc warlord (D:9)
  2 ghouls (Lair:3)
  A very ugly thing (D:15)
  2 bunyips
  An eleionoma (Swamp:2)
  Snorg (D:11)
  Josephine (Lair:5)
  2 vault guards (D:14)
  3 boulder beetles
  13 hydras
  Harold (D:9)
  2 death knights
  13 two-headed ogres
  An anaconda (shapeshifter) (D:14)
  2 ogre magi
  6 centaur warriors
  5 death yaks
  3 catoblepae
  3 tengu warriors (D:10)
  Sonja (Lair:3)
  Nergalle (Orc:1)
  2 pharaoh ants (Spider:1)
  6 skeletal warriors
  A swamp dragon (Swamp:1)
  A goliath frog (Swamp:1)
  A steelbarb worm (Spider:1)
  2 deep trolls (Orc:2)
  7 bog bodies
  A necromancer (D:15)
  8 wizards
  Pikel (D:9)
  3 deep elf pyromancers
  A lindwurm (Lair:6)
  2 orc sorcerers
  A deep elf zephyrmancer (D:15)
  3 wolf spiders
  5 ugly things
  A will-o-the-wisp (Swamp:2)
  6 cyclopes
  2 oklob plants (Lair:5)
  4 manticores
  9 elephants
  Joseph (D:8)
  Maurice (D:11)
  2 black mambas
  A centaur skeleton (D:15)
  Maggie (D:7)
  24 cane toads
  2 gargoyles (D:12)
  An unseen horror (D:11)
  2 demonic crawlers (Spider:1)
  9 komodo dragons
  3 rime drakes
  4 efreet
  4 freezing wraiths (D:15)
  A kobold demonologist (D:10)
  6 polar bears
  2 bloated husks (Swamp:1)
  12 trolls
  Grinder (D:3)
  18 blink frogs
  4 hornets (Swamp:2)
  8 tyrant leeches
  2 dream sheep (Lair:6)
  2 tarantellas (Spider:1)
  4 slime creatures
  A spriggan (shapeshifter) (D:10)
  2 shadows
  6 jumping spiders
  A culicivora (Spider:1)
  4 spriggans (Swamp:2)
  9 wraiths
  7 wyverns
  28 yaks
  A vampire (D:9)
  7 basilisks
  A redback (Lair:3)
  19 humans
  A steam dragon (D:10)
  6 vampire mosquitoes
  6 wargs
  2 acid dragons
  9 swamp worms
  A water moccasin (shapeshifter) (D:14)
  20 water moccasins
  2 hell hounds (Lair:2)
  Duvessa (D:5)
  A swamp drake (Swamp:1)
  Pargi (Sewer)
  14 orc warriors
  A sky beast (D:6)
  4 black bears
  A hornet zombie (D:7)
  2 necrophages
  27 ogres
  4 boggarts (Lair:4)
  4 centaurs
  13 wolves
  A lemure (D:8)
  4 kobold brigands
  15 bullfrogs
  2 gnoll sergeants
  2 scorpions
  Dowan (D:5)
  6 wights
  An electric eel (Lair:3)
  9 howler monkeys
  11 centaur zombies
  3 jellies
  Crazy Yiuf (D:3)
  2 hounds
  12 orc priests
  2 bullfrog skeletons (D:5)
  19 orc wizards
  Natasha (D:2)
  6 hell rats (Lair:6)
  A killer bee zombie (D:11)
  A hound skeleton (D:5)
  A howler monkey zombie (D:5)
  17 gnolls
  4 adders
  2 river rats
  3 worms
  58 orcs
  5 endoplasms
  2 giant cockroaches
  8 goblins
  8 hobgoblins
  6 jackals
  13 kobolds
  3 quokkas
  6 ball pythons
  5 bats
  A frilled lizard (D:2)
  8 rats
  A spectral orc (D:15)
  3 fulminant prisms (D:14)
711 creatures vanquished.

Vanquished Creatures (collateral kills)
  3 wights
3 creatures vanquished.

Vanquished Creatures (others)
  A hydra (Swamp:1)
  An ogre mage (Orc:2)
  A wizard (D:14)
  A necromancer (D:14)
  A centaur skeleton (D:15)
  2 dancing weapons
  A yaktaur (D:14)
  A bloated husk (Swamp:1)
  An orc warrior (Orc:1)
  An orc (D:9)
  137 foxfires
  76 fulminant prisms
  63 fungi
  69 plants
356 creatures vanquished.

Grand Total: 1070 creatures vanquished

Notes
Turn   | Place    | Note
-------+----------+-------------------------------------------
     0 | D:1      | emikaela the Vampire Fire Elementalist began the quest for
                  | the Orb.
     0 | D:1      | Reached XP level 1. HP: 13/13 MP: 3/3
   232 | D:1      | Reached skill level 1 in Conjurations
   250 | D:1      | Reached XP level 2. HP: 19/19 MP: 1/5
   255 | D:1      | Learned a level 2 spell: Scorch
   726 | D:1      | Found Fouqil's Distillery.
  1250 | D:1      | Gained mutation: You are afflicted with vampirism and can
                  | become a bat while bloodless. [Vampire growth]
  1250 | D:1      | Reached XP level 3. HP: 24/24 MP: 3/6
  1254 | D:1      | Learned a level 3 spell: Conjure Flame
  1462 | D:1      | Bought a potion of curing for 39 gold pieces
  1864 | D:2      | Reached XP level 4. HP: 30/31 MP: 7/7
  2035 | D:2      | Reached skill level 4 in Stealth
  2298 | D:3      | Noticed Natasha
  2312 | D:2      | Killed Natasha
  2347 | D:3      | Reached skill level 1 in Fighting
  2455 | D:3      | Found a glowing drain.
  2467 | D:3      | Reached XP level 5. HP: 37/37 MP: 9/9
  2572 | Sewer    | Entered a sewer
  2620 | Sewer    | Learned a level 3 spell: Inner Flame
  2651 | Sewer    | Noticed Pargi
  2658 | Sewer    | Killed Pargi
  2659 | Sewer    | Reached skill level 1 in Hexes
  2806 | D:3      | Reached XP level 6. HP: 43/43 MP: 10/10
  2888 | D:3      | Found a broken altar of Ashenzari.
  3120 | D:3      | Found Feuve's Weapon Shoppe.
  3124 | D:3      | Noticed Grinder
  3127 | D:3      | Paralysed by Grinder for 6 turns
  3140 | D:3      | Killed Grinder
  3141 | D:3      | Reached skill level 5 in Stealth
  3141 | D:3      | Reached skill level 1 in Evocations
  3318 | D:3      | Found a runed translucent door.
  3319 | D:3      | Noticed Crazy Yiuf
  3326 | D:3      | Killed Crazy Yiuf
  3327 | D:3      | Reached XP level 7. HP: 49/49 MP: 11/11
  3522 | D:4      | Reached skill level 6 in Stealth
  3608 | D:4      | Noticed a wyvern
  3727 | D:4      | Killed a wyvern
  3743 | D:4      | Learned a level 2 spell: Ensorcelled Hibernation
  4089 | D:4      | Found a snail-covered altar of Cheibriados.
  4168 | D:4      | Found a bloodstained altar of Trog.
  4168 | D:4      | Found a radiant altar of Vehumet.
  4360 | D:4      | Found a hazy altar of Hepliaklqana.
  4468 | D:5      | Entered Level 5 of the Dungeon
  4563 | D:5      | Reached XP level 8. HP: 56/56 MP: 13/13
  4715 | D:5      | Reached skill level 1 in Ice Magic
  4986 | D:5      | Noticed Duvessa
  4986 | D:5      | Noticed Dowan
  5002 | D:5      | Killed Dowan
  5003 | D:5      | Reached skill level 7 in Stealth
  5003 | D:5      | Killed Duvessa
  5004 | D:5      | Reached skill level 5 in Fire Magic
  5125 | D:5      | Reached skill level 5 in Hexes
  5267 | D:5      | Learned a level 3 spell: Tukima's Dance
  5418 | D:5      | Reached skill level 8 in Stealth
  5807 | D:6      | Reached skill level 1 in Short Blades
  6558 | D:6      | Reached XP level 9. HP: 62/62 MP: 15/15
  6852 | D:6      | Found a staircase to the Ecumenical Temple.
  7342 | D:7      | Noticed Maggie
  7364 | D:7      | Killed Maggie
  7365 | D:7      | Reached skill level 1 in Shields
  7468 | Temple   | Entered the Ecumenical Temple
  7477 | Temple   | Became a worshipper of Ru the Awakened
  8276 | D:1      | Bought a potion of heal wounds for 65 gold pieces
  8276 | D:1      | Bought a potion of curing for 39 gold pieces
  8276 | D:1      | Bought a potion of brilliance for 52 gold pieces
  8392 | D:8      | Noticed Gastronok
  8409 | D:8      | Noticed Grum
  8605 | D:8      | Noticed Joseph
  8694 | D:8      | Identified the amulet "Piposoo" {RegenMP rF++}
  8785 | D:8      | Killed Joseph
  8830 | D:8      | Reached skill level 9 in Stealth
  8944 | D:8      | Reached XP level 10. HP: 71/71 MP: 16/16
  8961 | D:8      | Reached skill level 5 in Short Blades
  8975 | D:8      | Reached skill level 10 in Stealth
  8975 | D:8      | Gained mutation: You are somewhat inexperienced. (-2 XL)
                  | [Ru sacrifice]
  8975 | D:8      | Reached XP level 9. HP: 55/65 MP: 11/24
  8975 | D:8      | Reached XP level 8. HP: 55/60 MP: 11/23
  8975 | D:8      | Reached * piety under Ru
  8975 | D:8      | Reached ** piety under Ru
  9022 | D:8      | Found a staircase to the Lair.
  9035 | D:8      | Found a blossoming altar of Fedhas.
  9203 | D:9      | Found Mootiplo's Assorted Antiques.
  9479 | D:9      | Noticed Harold
  9489 | D:9      | Killed Harold
  9629 | D:9      | Noticed Pikel
  9785 | D:9      | Killed Pikel
 10054 | D:9      | Found a staircase to the Orcish Mines.
 10448 | D:9      | Reached XP level 9. HP: 67/67 MP: 16/16
 10698 | D:1      | Bought a potion of resistance for 130 gold pieces
 10698 | D:1      | Bought a potion of curing for 39 gold pieces
 10884 | Lair:1   | Entered Level 1 of the Lair of Beasts
 10897 | Lair:1   | Reached skill level 11 in Stealth
 10970 | D:8      | Reached skill level 5 in Shields
 10970 | D:8      | Reached skill level 5 in Spellcasting
 11009 | Lair:1   | Reached skill level 5 in Fighting
 11303 | Lair:1   | Found a bloodstained altar of Trog.
 11365 | Lair:1   | Learned a level 4 spell: Fulminant Prism
 11678 | Lair:1   | Noticed a four-headed hydra
 11799 | Lair:1   | Killed a four-headed hydra
 11937 | Lair:1   | Noticed an eight-headed hydra
 11960 | Lair:1   | Gained mutation: You are weak. (Str -2) [Ru sacrifice]
 11981 | Lair:1   | Killed an eight-headed hydra
 12039 | Lair:2   | Reached skill level 10 in Hexes
 12145 | Lair:2   | Found a dark tunnel.
 12148 | Lair:2   | Reached skill level 12 in Stealth
 12155 | Volcano  | Entered a volcano
 12161 | Volcano  | Noticed a wizard
 12164 | Volcano  | Killed a wizard
 12165 | Volcano  | Reached skill level 5 in Evocations
 12176 | Volcano  | Noticed a wizard
 12178 | Volcano  | Killed a wizard
 12201 | Volcano  | Noticed a wizard
 12201 | Volcano  | Noticed a wizard
 12252 | Lair:2   | Found a runed translucent gate.
 12252 | Lair:2   | Found a runed translucent gate.
 12254 | Lair:2   | Found a runed translucent gate.
 12294 | Lair:2   | Noticed Zapai's ghost (journeyman DgAr)
 12731 | Lair:3   | Noticed an eight-headed hydra
 12912 | Lair:3   | Noticed Rupert
 13031 | Orc:1    | Entered Level 1 of the Orcish Mines
 13094 | D:10     | Entered Level 10 of the Dungeon
 13267 | D:10     | Noticed a centaur warrior
 13483 | D:10     | Noticed a two-headed ogre
 13554 | D:10     | Found a shimmering blue altar of Sif Muna.
 13568 | D:10     | Found Tiunk's Antique Weapon Shoppe.
 13582 | D:10     | Reached XP level 10. HP: 67/76 MP: 12/19
 13682 | D:10     | Noticed a seven-headed hydra
 13840 | Orc:1    | Noticed an orc warlord
 14059 | D:10     | Noticed a tengu warrior
 14073 | D:10     | Killed a tengu warrior
 14161 | D:10     | Noticed a tengu warrior
 14172 | D:10     | Killed a tengu warrior
 14173 | D:10     | Reached skill level 5 in Dodging
 14240 | D:10     | Noticed a centaur warrior
 14245 | D:10     | Killed a centaur warrior
 14270 | D:10     | Noticed a tengu warrior
 14280 | D:10     | Killed a tengu warrior
 14306 | D:10     | Noticed a centaur warrior
 14322 | D:10     | Reached skill level 10 in Short Blades
 14331 | D:10     | Killed a centaur warrior
 14337 | D:10     | Gained mutation: You are missing an eye, making it more
                  | difficult to aim. [Ru sacrifice]
 14337 | D:10     | Reached *** piety under Ru
 14522 | D:10     | Killed a seven-headed hydra
 14882 | D:10     | Killed a centaur warrior
 14934 | D:10     | Killed a two-headed ogre
 15016 | D:11     | Noticed Snorg
 15017 | D:11     | Killed Snorg
 15061 | D:11     | Noticed a two-headed ogre
 15085 | D:10     | Killed a two-headed ogre
 15196 | D:11     | Reached XP level 11. HP: 80/81 MP: 16/20
 15599 | D:11     | Noticed Maurice
 15619 | D:11     | Killed Maurice
 17326 | D:13     | Noticed Jorgrun
 17453 | D:13     | Found Bic Pay's General Store.
 17548 | D:13     | Reached skill level 13 in Stealth
 17587 | D:13     | Gained mutation: You are hated by all. [Ru sacrifice]
 17587 | D:13     | Reached **** piety under Ru
 17587 | D:13     | Reached ***** piety under Ru
 18349 | D:13     | Killed Jorgrun
 18904 | D:14     | Found Gitsa's General Store.
 18912 | D:14     | Bought a scroll of teleportation for 33 gold pieces
 19503 | D:9      | Reached skill level 14 in Stealth
 20041 | Lair:3   | Found a hole to the Spider Nest.
 20203 | Lair:3   | Killed Rupert
 20416 | Lair:3   | Reached XP level 12. HP: 92/92 MP: 23/23
 20871 | Lair:3   | Noticed Sonja
 20875 | Lair:3   | Reached skill level 15 in Stealth
 20969 | Lair:3   | Gained mutation: You cannot study or use magical devices.
                  | [Ru sacrifice]
 20969 | Lair:3   | Reached ****** piety under Ru
 21314 | Lair:3   | Killed Sonja
 21366 | Lair:3   | Found a staircase to the Swamp.
 21753 | Lair:4   | Reached skill level 10 in Dodging
 23309 | Lair:5   | Noticed Josephine
 23493 | Lair:5   | Found a staircase to the Slime Pits.
 23849 | Lair:5   | Killed Josephine
 24126 | Lair:5   | You fall into a shaft and drop 1 floor!
 24126 | Lair:6   | Entered Level 6 of the Lair of Beasts
 25029 | Lair:6   | Found a broken altar of Ashenzari.
 25176 | Lair:5   | Learned a level 2 spell: Passwall
 25180 | Lair:5   | Learned a level 3 spell: Stone Arrow
 25467 | Lair:6   | Reached skill level 1 in Transmutations
 25498 | Lair:6   | Reached skill level 1 in Earth Magic
 25921 | Lair:6   | Reached XP level 13. HP: 98/98 MP: 5/25
 27292 | D:8      | Learned a level 4 spell: Leda's Liquefaction
 27380 | D:8      | Killed Gastronok
 27616 | D:9      | Killed an orc warlord
 28149 | Orc:2    | Entered Level 2 of the Orcish Mines
 28210 | Orc:2    | Found a staircase to the Elven Halls.
 28279 | Orc:1    | Noticed Nergalle
 28289 | Orc:1    | Killed Nergalle
 28456 | Orc:2    | Found Ziwon's Armour Shoppe.
 28529 | Orc:2    | Paralysed by an ogre mage for 5 turns
 28758 | Orc:2    | Reached skill level 5 in Earth Magic
 28997 | Orc:2    | Found Lifuul's Magic Scroll Shoppe.
 28998 | Orc:2    | Found Keurphexe's Antique Armour Boutique.
 29039 | Orc:2    | Bought a scroll of fear for 35 gold pieces
 29039 | Orc:2    | Bought a scroll of enchant armour for 75 gold pieces
 29039 | Orc:2    | Bought a scroll of amnesia for 35 gold pieces
 29042 | Orc:2    | Found Tizutuod's Jewellery Emporium.
 29511 | Orc:2    | Bought the ring "Jetul" {rN+ Str+3 Int+5} for 525 gold
                  | pieces
 30001 | D:14     | Found a gate to the Vaults.
 30253 | D:14     | Found a runed translucent door.
 30401 | D:14     | Noticed Roxanne
 30478 | D:14     | Killed Roxanne
 30491 | D:14     | Learned a level 5 spell: Lee's Rapid Deconstruction
 30565 | D:15     | Entered Level 15 of the Dungeon
 31202 | D:15     | Found a frozen archway.
 31208 | IceCv    | Entered an ice cave
 31642 | D:15     | Reached XP level 14. HP: 108/108 MP: 27/27
 31751 | D:15     | Found a staircase to the Depths.
 32092 | Spider:1 | Entered Level 1 of the Spider Nest
 32402 | Swamp:1  | Entered Level 1 of the Swamp
 33184 | Swamp:2  | Found a transporter.
 33462 | Swamp:2  | Found a bloodstained altar of Trog.
 33462 | Swamp:2  | HP: 4/87 [spriggan rider (5)]
 33467 | Swamp:2  | Reached skill level 10 in Spellcasting
 33479 | Swamp:2  | Reached skill level 10 in Fighting
 33506 | Swamp:2  | Noticed benappo's ghost (adept DjCj)
 33755 | Swamp:2  | Constricted to death by a shambling mangrove

Illustrated notes

Levels and vault maps discovered:
D:1:      minmay_arrival_four_houses, layout_basic, serial_shops, shop,
          corexii_leaking_fountain, minmay_split_cup_small
D:2:      layout_rooms, grunt_ministairs_10
D:3:      layout_rooms, cheibrodos_ashenzari_chains, portal_sewer_entry_a,
          serial_shops, nicolae_shop_bloodbath_and_beyond,
          minmay_parallelograms, uniq_grinder, uniq_natasha,
          uniq_crazy_yiuf_cottage
D:4:      layout_loops_ring, mainiacjoe_overflow_tiny_flanked,
          mainiacjoe_overflow_concentric_impassable,
          gammafunk_temple_overflow_pools, serial_aquarium,
          aquarium_bridge_square [aquarium_subvault_window,
          aquarium_subvault_bridge, aquarium_subvault_wall,
          aquarium_subvault_wall], aquarium_window_fake, aquarium_window_1,
          aquarium_view_2b, aquarium_balcony_5a
D:5:      layout_loops_cross, uniq_duvessa
D:6:      layout_layer_cave, minmay_temple_entry_from_below_a,
          chequers_serial_rivers_room_a
D:7:      layout_rooms, uniq_maggie
D:8:      layout_basic, mainiacjoe_overflow_alcove_4, fedhas_ov_isle_minmay,
          erik_lair_orcish_takeover, glass_columns_b, uniq_joseph,
          uniq_gastronok, uniq_grum
D:9:      layout_loops_ring, hiddenorc1_lemuel, serial_shops,
          nicolae_stop_n_shop_2, kennysheep_generic_room_13, uniq_harold,
          uniq_pikel
D:10:     minmay_the_grid_square_5x5_4x4 [minmay_the_grid_square_5x5_inner_z,
          minmay_the_grid_square_5x5_bridge, minmay_the_grid_square_5x5_empty,
          minmay_the_grid_square_5x5_longway, minmay_the_grid_square_5x5_eight,
          minmay_the_grid_square_5x5_prize_deathbox,
          minmay_the_grid_square_5x5_prize_gold, minmay_the_grid_square_5x5_six,
          minmay_the_grid_square_5x5_checkered_sparse,
          minmay_the_grid_square_5x5_prize_pseudospiral,
          minmay_the_grid_square_5x5_prize_rear_guard,
          minmay_the_grid_square_5x5_inner_v,
          minmay_the_grid_square_5x5_three_small,
          minmay_the_grid_square_5x5_gyroscope,
          minmay_the_grid_square_5x5_inverted_slash,
          minmay_the_grid_square_5x5_comb], layout_basic, led_sif_pool,
          serial_shops, shop
D:11:     layout_loops_ring, uniq_maurice, uniq_snorg
D:12:     layout_basic
D:13:     layout_roguey, serial_shops, nicolae_square_shop, uniq_jorgrun
D:14:     gammafunk_mikee_crab_dinner, layout_gridville,
          grunt_vaults_entry_tiered, grunt_decor_fettered, serial_shops, shop,
          uniq_roxanne
D:15:     grunt_enter_depths_magical_seal, layout_irregular_city,
          portal_ice_cave_entry_horrid_things, amethyst_killhole,
          yredelemnul_forgotten_temple_becter
Temple:   eino_temple_lava
Lair:1:   layout_chaotic_city, basic_altar, hangedman_lair_generics_rect
Lair:2:   layout_hall_layers, gammafunk_ghost_icy, enter_volcano_3
Lair:3:   nzn_winding_woodlands_medium [nzn_winding_woodlands_5x5_closed_star,
          nzn_winding_woodlands_5x15_sidewinder,
          nzn_winding_woodlands_5x5_perimeter, nzn_winding_woodlands_5x5_cross,
          nzn_winding_woodlands_center_diamonds,
          nzn_winding_woodlands_5x5_open_star,
          nzn_winding_woodlands_5x5_checkerboard,
          nzn_winding_woodlands_5x15_twine, nzn_winding_woodlands_hourglass],
          layout_layer_cave, nicolae_swamp_entry_splash_gauntlet,
          spider_nest_entry_funnel_web, chequers_serial_rivers_micro_d,
          uniq_sonja, uniq_rupert
Lair:4:   layout_regular_city, kilobyte_rumbling_trees, lemuel_fruit_tree
Lair:5:   layout_gridlike, minmay_slime_entry_oklob_enclosed,
          hangedman_tree_tricks, minivault_27, beast_lair_carwin_5,
          uniq_josephine
Lair:6:   hangedman_lair_in_review, layout_regular_city, basic_altar,
          serial_bayou_shore_a
Swamp:1:  layout_falls_marsh, nicolae_swamp_ascending_descending, swamp_pool1,
          nicolae_swamp_necromancy_gone_wrong
Swamp:2:  layout_basic_swamp, gammafunk_ghost_wrathful_warriors,
          hangedman_swamp_pad
Spider:1: cheibrodos_forgotten_conduit, uniq_frances
Orc:1:    layout_diamond_mine, uniq_nergalle
Orc:2:    st_orc_open, layout_caves, minmay_orc_temple_a

Skill      XL: |  1  2  3  4  5  6  7  8  9 10 11 12 13 14 |
---------------+-------------------------------------------+-----
Conjurations   | 1 2 3 4 |  4.8
Fire Magic     | 3 4 5 6 |  6.0
Stealth        | 4 5 6 8 12 10 14 15 | 15.0
Fighting       | 1 2 6 7 8 9 10 | 10.0
Hexes          | 1 2 3 9 10 12 13 | 13.6
Spellcasting   | 3 4 6 7 8 9 10 | 10.0
Evocations     | 1 2 3 5 6 7 0 |  0.0
Ice Magic      | 3 4 |  4.0
Short Blades   | 6 7 10 | 10.0
Shields        | 6 4 |  6.0
Dodging        | 9 13 | 13.6
Transmutations | 1 4 |  4.0
Earth Magic    | 1 7 8 |  8.7

Action                   |  1- 3 |  4- 6 |  7- 9 | 10-12 | 13-15 || total
-------------------------+-------+-------+-------+-------+-------++-------
Melee: Dagger            |    30 |     6 |   114 |   242 |   211 ||   603
       Bite              |     5 |       |    11 |    13 |    18 ||    47
       Falchion          |       |       |     8 |       |       ||     8
       Quarterstaff      |       |       |     2 |       |       ||     2
 Fire: Hunting sling     |       |     1 |       |       |       ||     1
Throw: Dart              |       |       |       |       |     5 ||     5
 Cast: Foxfire           |    50 |    21 |     9 |     6 |       ||    86
       Scorch            |     3 |    37 |   232 |   372 |   120 ||   764
       Ensorcelled Hiber |       |       |    92 |   258 |   166 ||   516
       Tukima's Dance    |       |       |    15 |     4 |       ||    19
       Fulminant Prism   |       |       |     7 |    41 |    31 ||    79
       Conjure Flame     |       |       |     2 |     6 |     2 ||    10
       Stone Arrow       |       |       |       |    18 |   253 ||   271
       Leda's Liquefacti |       |       |       |       |     4 ||     4
       Passwall          |       |       |       |       |     2 ||     2
       Lee's Rapid Decon |       |       |       |       |     1 ||     1
Invok: Sacrifice Experie |       |       |     1 |       |       ||     1
       Sacrifice Purity  |       |       |     1 |       |       ||     1
       Draw Out Power    |       |       |       |     3 |     7 ||    10
       Sacrifice an Eye  |       |       |       |     1 |       ||     1
       Sacrifice Love    |       |       |       |     1 |       ||     1
       Power Leap        |       |       |       |     1 |       ||     1
       Sacrifice Artific |       |       |       |     1 |       ||     1
       Apocalypse        |       |       |       |       |     1 ||     1
 Abil: Exsanguinate      |       |       |       |       |     1 ||     1
Evoke: Wand              |       |       |    12 |     4 |       ||    16
       Phial of floods   |       |       |       |     1 |       ||     1
       Condenser vane    |       |       |       |     1 |       ||     1
  Use: Scroll            |     1 |     3 |    17 |    13 |     9 ||    43
       Potion            |       |     1 |       |     1 |     2 ||     4
 Stab: Sleeping          |     1 |     5 |    74 |   140 |   100 ||   320
       Distracted        |       |       |       |     3 |     1 ||     4
       Paralysed         |       |       |       |     3 |     1 ||     4
       Invisible         |       |       |       |       |     4 ||     4
Armor: Robe              |     9 |     1 |       |       |       ||    10
       Troll leather arm |       |       |    65 |   139 |    95 ||   299
Dodge: Dodged            |    34 |    10 |    77 |   302 |   210 ||   633
Block: Buckler           |       |       |    50 |   168 |   123 ||   341
